 Dungeon Sprint DCSS version 0.31-a0-844-gdc52ec4e09 (webtiles) character file.

Game seed: 15511397638250110764

951 sircluck the Grappler (level 7, -6/81 HPs)
             Began as a Troll Berserker on Sept 29, 2023.
             Was a High Priest of Trog.
             Mangled by a seven-headed hydra (15 damage)
             ... in the Dungeon (Sprint VII: "The Pits").
             The game lasted 00:00:57 (461 turns).

sircluck the Grappler (Troll Berserker)              Turns: 461, Time: 00:00:58

Health: -6/81      AC:  5    Str: 28    XL:     7   Next: 90%
Magic:  6/6        EV: 11    Int:  3    God:    Trog [*****.]
Gold:   0          SH:  0    Dex:  9    Spells: 6/6 levels left

rFire   . .          .
                       - Unarmed
rCold   . . .        (no shield)
rNeg    . . .        h - +0 troll leather armour
rPois   .            (helmet restricted)
rElec   .            (no cloak)
rCorr   .            (gloves unavailable)
SInv    .            (boots unavailable)
Will    .....        (no amulet)
Stlth   +            (no ring)
HPRegen 1.93/turn    (no ring)
MPRegen 0.10/turn

%: no teleportation
@: no status effects
A: large, unfitting armour, claws 3, regeneration 1, shaggy fur 1, tough skin 1
a: Renounce Religion, Berserk, Trog's Hand, Brothers in Arms


You were in the Dungeon.
You worshipped Trog.
Trog was extremely pleased with you.
You visited 1 branch

Inventory:

Armour
 a - a +0 animal skin
 h - a +0 troll leather armour (worn)
Scrolls
 g - a scroll of blinking
 j - 2 scrolls of vulnerability
 k - a scroll of butterflies
Potions
 b - 6 potions of curing
 c - 6 potions of heal wounds
 d - a potion of haste
 e - 4 potions of magic
 f - 3 potions of berserk rage
 i - 2 potions of invisibility


   Skills:
 + Level 8.7 Fighting
 + Level 2.8 Armour
 + Level 8.6 Dodging
 + Level 10.3 Unarmed Combat


You had 6 spell levels left.
You didn't know any spells.
Your spell library was empty.

Dungeon Overview and Level Annotations

Branches:
Dungeon (1/1)

Altars:
Ashenzari
Cheibriados
Dithmenos
Elyvilon
Fedhas
Gozag
Hepliaklqana
Kikubaaqudgha
Makhleb
Nemelex Xobeh
Okawaru
Qazlal
Ru
Sif Muna
Trog
Uskayaw
Vehumet
Wu Jian
Xom
Yredelemnul
Zin
The Shining One
Jiyva
Lugonu


Innate Abilities, Weirdness & Mutations

You are too large for most types of armour.
You have claws for hands.
Your natural rate of healing is unusually fast.
You are covered in fur. (AC +1)
You have tough skin. (AC +1)


Message History

No target in view!
No target in view!
No target in view!
No target in view!
No target in view!
No target in view!
No target in view!
No target in view!
No target in view!
You see here a hound corpse.
You open the door.
A bat zombie comes into view.
The bat zombie hits you but does no damage.
You barely miss the bat zombie. The bat zombie closely misses you.
The bat zombie hits you but does no damage.
The bat zombie hits you.
You claw the bat zombie!
You destroy the bat zombie!
Trog accepts your kill. Trog grants you a weapon!
Something appears at your feet!
You see here a +1 heavy great sword.
There is an open door here.
As you open the door, it creaks loudly!
A five-headed hydra comes into view.
You tear one of the five-headed hydra's heads off!
The four-headed hydra grows two more!
You claw the six-headed hydra!
The six-headed hydra is moderately wounded.
The six-headed hydra bites you! x2; The six-headed hydra misses you.
The six-headed hydra bites you!
The six-headed hydra bites you but does no damage.
The six-headed hydra closely misses you.
You tear one of the six-headed hydra's heads off!
The five-headed hydra grows two more!
You mangle the seven-headed hydra!! You claw the seven-headed hydra!
The seven-headed hydra is heavily wounded.
The seven-headed hydra misses you. The seven-headed hydra bites you.
The seven-headed hydra bites you! x3
* * * LOW HITPOINT WARNING * * *
The seven-headed hydra bites you!
You die...

#.#...)))[.##.......##..#
#'###########.......##..#
#..†....# ##########..+
#.).#...# #..# #...#...#
#..# #.##.##.#+# #..#
#...#...#.+ #...
#...#...#D# #...
#......)@.# #...
########### ####


You could see a seven-headed hydra.

Vanquished Creatures
  A troll (D)
  A polar bear (D)
  A fire bat (D)
  A redback (D)
  A floating eye (D)
  A water moccasin (D)
  A hound (D)
  Terence (D)
  An adder (D)
  2 river rats (D)
  A white imp (D)
  An adder skeleton (D)
  An orc (D)
  A bat (D)
  A bat zombie (D)
  2 endoplasms (D)
  2 giant cockroaches (D)
  A ball python (D)
21 creatures vanquished.

Notes
Turn   | Place    | Note
-------+----------+-------------------------------------------
     0 | D        | sircluck the Troll Berserker began the quest for the Orb.
     0 | D        | Reached XP level 1. HP: 22/22 MP: 0/0
    11 | D        | Noticed a water moccasin
    11 | D        | Noticed a polar bear
   120 | D        | Killed a water moccasin
   121 | D        | Reached skill level 5 in Unarmed Combat
   121 | D        | Reached XP level 2. HP: 33/33 MP: 1/1
   121 | D        | Reached XP level 3. HP: 41/41 MP: 2/2
   121 | D        | Reached XP level 4. HP: 49/49 MP: 3/3
   183 | D        | Killed a polar bear
   184 | D        | Reached skill level 8 in Unarmed Combat
   184 | D        | Reached XP level 5. HP: 61/61 MP: 4/4
   184 | D        | Reached XP level 6. HP: 68/68 MP: 5/5
   235 | D        | Noticed a redback
   239 | D        | Killed a redback
   239 | D        | Reached ** piety under Trog
   240 | D        | Noticed a troll
   246 | D        | Killed a troll
   247 | D        | Reached skill level 9 in Unarmed Combat
   247 | D        | Reached XP level 7. HP: 80/80 MP: 6/6
   322 | D        | Found a bloodstained altar of Trog.
   322 | D        | Found a shimmering blue altar of Sif Muna.
   322 | D        | Found a viscous altar of Jiyva.
   322 | D        | Found a hazy altar of Hepliaklqana.
   322 | D        | Found an opulent altar of Gozag.
   323 | D        | Found a glowing golden altar of the Shining One.
   323 | D        | Found a glowing silver altar of Zin.
   323 | D        | Found a basalt altar of Yredelemnul.
   323 | D        | Found a shimmering altar of Xom.
   323 | D        | Found an ornate altar of the Wu Jian Council.
   323 | D        | Found a sacrificial altar of Ru.
   323 | D        | Found a stormy altar of Qazlal.
   323 | D        | Found an iron altar of Okawaru.
   323 | D        | Found a sparkling altar of Nemelex Xobeh.
   323 | D        | Found a burning altar of Makhleb.
   323 | D        | Found a blossoming altar of Fedhas.
   323 | D        | Found a white marble altar of Elyvilon.
   323 | D        | Found a shadowy altar of Dithmenos.
   323 | D        | Found a snail-covered altar of Cheibriados.
   327 | D        | Found a corrupted altar of Lugonu.
   327 | D        | Found a radiant altar of Vehumet.
   328 | D        | Found a broken altar of Ashenzari.
   328 | D        | Found an ancient bone altar of Kikubaaqudgha.
   328 | D        | Found a hide-covered altar of Uskayaw.
   370 | D        | Reached *** piety under Trog
   381 | D        | Reached **** piety under Trog
   408 | D        | Reached skill level 1 in Armour
   409 | D        | Reached skill level 10 in Unarmed Combat
   430 | D        | Noticed Terence
   430 | D        | Noticed a fire bat
   434 | D        | Killed a fire bat
   439 | D        | Killed Terence
   439 | D        | Reached ***** piety under Trog
   457 | D        | Received a gift from Trog
   459 | D        | Noticed a five-headed hydra
   461 | D        | Mangled by a seven-headed hydra

Illustrated notes

Levels and vault maps discovered:
D:        pitsprint [storerooms_1, entrance_room_1, metal_vault_6, armoury_1,
          mini_pit_1, grid_room_1, main_hall_1, silver_pit, the_coven_1,
          the_vestibule_1, steel_vault_4, golden_pit, hallway_of_sentries,
          crystal_vault_2, iron_vault_1, final_vault]

Skill      XL: |  1  2  3  4  5  6  7 |
---------------+----------------------+-----
Fighting       | 4 6 8 |  8.7
Dodging        | 4 6 8 |  8.6
Unarmed Combat | 5 8 9 10 | 10.3
Armour         | 2 |  2.8

Action                     |  1- 3 |  4- 6 |  7- 9 || total
---------------------------+-------+-------+-------++-------
  Melee: Unarmed           |     3 |    11 |    37 ||    51
         Punch             |       |       |     5 ||     5
 Invoke: Berserk           |     1 |     2 |       ||     3
 Armour: Animal skin       |       |     4 |       ||     4
         Troll leather arm |       |       |    30 ||    30
  Dodge: Dodged            |     2 |     8 |    31 ||    41

Table legend: (Time is in decaauts)
 A = Elapsed time spent in this place.
 B = Non-inter-level travel time spent in this place.
 C = Inter-level travel time spent in this place.
 D = Time resting spent in this place.
 E = Time spent auto-exploring this place.
 F = Levels seen in this place.
 G = Mean time per level.
                   A        B        C        D        E       F      G
               +--------+--------+--------+--------+--------+-----+--------+
         Total |    489 |    489 |      0 |    251 |     80 |   1 |  489.0 |
       Dungeon |    489 |    489 |      0 |    251 |     80 |   1 |  489.0 |
               +--------+--------+--------+--------+--------+-----+--------+

Top non-repeatable levels by time:
       D: 489 daAuts
